Map: Catallena LE (Void)

Players

SamuraiFunn - Winner!

  • Race: Protoss Protoss
  • Spawn Location: 5:00

A.I. 1 (Harder)

  • Race: Terran Terran
  • Spawn Location: 9:00

VOD

Have the link to the VOD?

Description

Time

  • Played on: Oct. 29, 2017, 7:54 p.m.
  • Length: 12:37
Show
View Real Time Build Order
Export as new Build Order

SamuraiFunn Protoss - Winner!

Build Orders: 1 Gate Expand 

Get SALT Encoding   

  12  0:01  Probe (Chrono Boost)  
  13  0:12  Probe (Chrono Boost)  
  14  0:20  Pylon  
  14  0:23  Probe (Chrono Boost)  
  15  0:39  Probe (Chrono Boost), Assimilator  
  16  0:45  Gateway  
  16  0:49  Probe (Chrono Boost)  
  17  1:00  Probe (Chrono Boost)  
  18  1:10  Probe (Chrono Boost)  
  19  1:23  Pylon  
  19  1:30  Nexus  
  19  1:34  Probe (Chrono Boost)  
  20  1:45  Cybernetics Core  
  20  1:53  Probe (Chrono Boost), Assimilator  
  21  1:58  Zealot  
  23  2:05  Probe (Chrono Boost)  
  24  2:19  Gateway  
  24  2:27  Pylon  
  24  2:32  Probe (Chrono Boost)  
  25  2:40  Zealot  
  27  2:47  Probe (Chrono Boost)  
  28  2:51  Probe (Chrono Boost)  
  28  2:57  Probe (Chrono Boost)  
  30  3:02  Probe (Chrono Boost)  
  31  3:07  Zealot  
  33  3:15  Twilight Council  
  33  3:19  Stargate  
  33  3:25  Probe x2 (Chrono Boost)  
  33  3:26  Zealot  
  37  3:33  Gateway  
  37  3:38  Pylon  
  37  3:41  Probe x2 (Chrono Boost)  
  39  3:42  Zealot  
  41  3:51  Probe (Chrono Boost)  
  41  3:55  Probe (Chrono Boost)  
  43  4:07  Void Ray  
  47  4:14  Probe x2 (Chrono Boost)  
  47  4:15  Zealot x2  
  53  4:24  Stargate  
  53  4:27  Probe x2 (Chrono Boost)  
  55  4:33  Assimilator  
  55  4:35  Assimilator  
  55  4:37  Probe x2 (Chrono Boost)  
  57  4:38  Zealot  
  59  4:47  Protoss Air Weapons Level 1  
  59  4:53  Charge  
  59  4:56  Zealot  
  59  4:57  Forge  
  61  5:06  Pylon  
  61  5:10  Pylon  
  61  5:24  Void Ray, Zealot  
  67  5:30  Pylon  
  67  5:32  Pylon  
  67  5:39  Void Ray  
  71  5:43  Probe x2 (Chrono Boost)  
  75  5:50  Zealot x2  
  77  5:59  Protoss Ground Weapons Level 1  
  77  6:07  Void Ray  
  77  6:11  Zealot  
  83  6:48  Protoss Air Armor Level 1  
  83  6:55  Void Ray  
  87  7:08  Probe x2 (Chrono Boost)  
  89  7:23  Pylon  
  89  7:35  Nexus  
  89  7:37  Assimilator  
  89  7:39  Assimilator  
  89  7:40  Void Ray  
  89  7:41  Void Ray  
  97  7:46  Pylon  
  97  7:49  Pylon  
  97  7:52  Pylon  
  97  7:53  Protoss Shields Level 1  
  97  8:10  Zealot x2  
  97  8:11  Zealot  
  103  8:14  Probe x2 (Chrono Boost)  
  105  8:23  Void Ray  
  105  8:24  Probe x2 (Chrono Boost), Void Ray  
  115  8:27  Stargate x2  
  115  8:35  Probe x2 (Chrono Boost)  
  115  8:37  Zealot  
  115  8:38  Zealot  
  121  9:07  Zealot x3  
  121  9:08  Fleet Beacon  
  107  9:47  Protoss Ground Armor Level 1  
  107  10:11  Zealot x3  
  113  10:21  Void Ray x2  
  121  10:22  Phoenix  
  121  10:23  Phoenix  
  125  10:38  Zealot x3  
  131  10:47  Void Ray x2  
  131  11:05  Zealot  
  131  11:06  Zealot x2  
  131  11:08  Void Ray  
  141  11:31  Pylon x2  
  141  11:33  Pylon  
  141  11:35  Pylon  
  141  11:38  Pylon  
  141  11:49  Void Ray, Zealot x2  
Show
View Real Time Build Order
Export as new Build Order

A.I. 1 (Harder) Terran 

Build Orders: MMM Bio 

Get SALT Encoding   

  12  0:00  SCV  
  13  0:13  SCV  
  14  0:19  Supply Depot  
  14  0:25  SCV  
  15  0:41  SCV  
  16  0:44  Barracks  
  16  0:53  SCV  
  17  1:05  SCV  
  18  1:16  Command Center  
  18  1:32  Marine, Orbital Command  
  19  1:38  Supply Depot  
  19  1:44  Refinery  
  19  1:50  Marine  
  20  1:58  SCV  
  20  1:59  Barracks  
  21  2:08  Marine, Refinery  
  21  2:10  SCV  
  23  2:23  SCV  
  23  2:26  Barracks Tech Lab, Supply Depot  
  24  2:40  SCV  
  25  2:45  Marine  
  25  2:46  Marine  
  27  2:52  SCV  
  27  2:55  SCV  
  29  3:02  Marine  
  29  3:04  SCV, Barracks Tech Lab  
  31  3:07  SCV  
  32  3:16  Factory, SCV  
  34  3:20  SCV, Marine  
  34  3:26  Marauder  
  37  3:28  SCV  
  37  3:29  Factory  
  37  3:32  SCV  
  39  3:55  Refinery  
  39  3:58  Refinery  
  39  4:04  Starport  
  39  4:06  Starport, Factory Tech Lab  
  39  4:13  Factory Tech Lab  
  39  4:16  Marauder  
  41  4:27  Reaper  
  42  4:37  Siege Tank  
  46  4:38  SCV  
  46  4:41  Supply Depot  
  46  4:42  Starport Tech Lab x2  
  46  4:47  SCV  
  46  4:48  Widow Mine  
  49  5:00  Viking  
  49  5:03  SCV x2  
  49  5:05  Supply Depot  
  49  5:06  Stimpack  
  53  5:11  Banshee  
  53  5:13  Combat Shields  
  56  5:15  SCV  
  56  5:16  SCV  
  58  5:24  Engineering Bay  
  58  5:27  SCV  
  58  5:28  SCV  
  60  5:36  Marine  
  60  5:39  SCV  
  60  5:40  SCV  
  63  5:45  Supply Depot  
  63  5:49  Marauder  
  65  5:51  SCV  
  65  5:52  SCV, Terran Infantry Weapons Level 1  
  67  6:00  Marauder  
  67  6:03  SCV  
  70  6:06  SCV  
  70  6:09  Supply Depot  
  70  6:11  Reaper  
  72  6:15  SCV  
  73  6:21  Siege Tank  
  76  6:30  SCV  
  76  6:31  SCV, Widow Mine  
  76  6:32  Concussive Shells, Supply Depot  
  80  6:42  SCV  
  80  6:43  Viking  
  80  6:44  Missile Turret  
  83  6:47  Missile Turret  
  83  6:51  Missile Turret  
  83  6:53  SCV, Banshee  
  87  6:54  Missile Turret  
  87  6:57  SCV  
  87  6:58  Supply Depot  
  88  7:05  SCV  
  89  7:08  Sensor Tower  
  89  7:10  Bunker  
  89  7:12  Raven  
  89  7:14  Armory  
  91  7:16  Bunker  
  91  7:22  Barracks  
  91  7:25  Supply Depot  
  91  7:36  Raven  
  93  7:46  Terran Infantry Armor Level 1  
  93  8:10  Barracks Reactor  
  93  8:51  Thor  
  93  8:52  Medivac x2  
  103  8:55  Factory  
  103  8:57  Marine  
  103  8:58  Starport  
  103  9:00  Supply Depot  
  104  9:03  Marine  
  104  9:05  Command Center  
  105  9:21  Thor  
  105  9:22  Medivac, Raven  
  105  9:23  Engineering Bay  
  115  9:25  Supply Depot  
  115  9:34  Viking  
  105  9:38  Factory Tech Lab  
  105  9:40  Marauder  
  79  9:46  Marauder  
  79  9:52  Viking  
  83  9:57  Marine  
  83  10:03  Marine  
  83  10:06  Starport Reactor, Hellion  
  85  10:07  Marauder  
  85  10:12  Marine, Raven  
  90  10:15  Command Center  
  90  10:22  Viking  
  90  10:23  Marine  
  93  10:29  Marine  
  93  10:34  Marine  
  95  10:40  Marine  
  95  10:41  Supply Depot  
  90  10:43  Hellion x3, Viking  
  90  10:47  Viking  
  68  10:53  Marine  
  68  10:54  Viking  
  52  11:04  Hellion, Siege Tank  
  52  11:09  Widow Mine  
  49  11:14  SCV  
  49  11:16  Marauder  
  52  11:23  Command Center  
  52  11:25  Siege Tank  
  55  11:27  SCV, Marine  
  11  11:52  SCV x2  
Tags
 
Composition
MMM Bio
Matchup
PvT
Replay Pack
First 100 games
Spawn Locations
Cross Positions
Add a new tag
Caveats
  • Supply blocks, unpowered buildings, or Contaminate may cause inaccurate times.
  • Supply counts are checked every 10 seconds.